 Dungeon Crawl Stone Soup version 0.29-a0-283-ga02f740833 (webtiles) character file.

Game seed: 6097522240817426467

28749 Dabor the Tortoise (level 13, -12/86 HPs)
             Began as a Gargoyle Fighter on Mar 13, 2022.
             Was a Believer of Ashenzari.
             Mangled by Donald
             ... wielding a +1 long sword of holy wrath
              (28 damage)
             ... on level 1 of the Orcish Mines.
             The game lasted 00:41:30 (13853 turns).

Dabor the Tortoise (Gargoyle Fighter)              Turns: 13853, Time: 00:41:30

Health: -12/86     AC: 42    Str: 25    XL:     13   Next: 40%
Magic:  13/13      EV: 10    Int:  9    God:    Ashenzari [**....]
Gold:   1576       SH: 15    Dex:  9    Spells: 12/12 levels left

rFire   + . .      SeeInvis +   H - +3 flail
rCold   + . .      Faith    .   c - +0 buckler of Supernal Knowledge {Bglg, Range} (curse)
rNeg    + . .      Spirit   .   v - +9 plate armour "Cynicism of Ashenzari" {rElec Will- Regen+, Evo, Melee} (curse)
rPois   ∞          Reflect  +   x - +0 hat
rElec   +          Harm     .   q - +2 cloak "Ensconced Together" {rCorr, Cun, Fort} (curse)
rCorr   +          Rampage  .   (no gloves)
Will    .....                   C - +1 pair of boots {Fly}
Stlth   ..........              m - amulet "Omniscient Mutualism" {Reflect SH+5, Fort, Alch} (curse)
HPRegen 1.04/turn               j - ring of protection from cold
MPRegen 0.13/turn               (no ring)

@: about to teleport, flying
A: sickness immunity, AC +9, negative energy resistance 1, electricity
resistance, torment resistance 1, petrification resistance, large bone plates 1,
fire resistance 1, sense surroundings 1
a: Renounce Religion, Shatter the Chains


You were on level 1 of the Orcish Mines.
You worshipped Ashenzari.
Ashenzari was pleased with you.
You visited 2 branches of the dungeon, and saw 11 of its levels.
You also visited: Ossuary and Bailey.

You collected 1905 gold pieces.
You spent 329 gold pieces at shops.

Inventory:

Hand Weapons
 a - a +2 whip of flaming
 A - a +0 hand axe of flaming
 H - a +3 flail (weapon)
Armour
 b - an orb of light
 c - the cursed +0 buckler of Supernal Knowledge (worn) {Bglg, Range}

   It has a curse which improves the following skills: Beguiling: Conjurations,
   Hexes and Translocations.
   Ranged Combat: Slings, Bows, Crossbows and Throwing.
 q - the cursed +2 cloak "Ensconced Together" (worn) {rCorr, Cun, Fort}
   (You took it off Crazy Yiuf on level 4 of the Dungeon)

   It has a curse which improves the following skills: Cunning: Dodging and
   Stealth.
   Fortitude: Armour and Shields.
 v - the cursed +9 plate armour "Cynicism of Ashenzari" (worn) {rElec Will- Regen+, Evo, Melee}
   (You took it off an orc warrior on level 8 of the Dungeon)

   rElec:     It insulates you from electricity.
   Regen:     It increases your rate of health regeneration.
   Will:      It decreases your willpower.
   It has a curse which improves the following skills: Evocations: Evocations.
   Melee Combat: Short Blades, Long Blades, Axes, Maces & Flails, Polearms,
   Staves and Unarmed Combat.
 x - a +0 hat (worn)
 C - a +1 pair of boots of flying (worn)
Jewellery
 j - a ring of protection from cold (left hand)
 m - the cursed amulet "Omniscient Mutualism" (around neck) {Reflect SH+5, Fort, Alch}
   (You found it on level 3 of the Dungeon)

   [amulet of reflection]

   It reflects blocked missile attacks.
   SH:        It affects your SH (+5).
   It has a curse which improves the following skills: Fortitude: Armour and
   Shields.
   Alchemy:   Poison Magic and Transmutations.
 r - an amulet of the acrobat
Wands
 B - a wand of iceblast (4)
Scrolls
 e - 9 scrolls of identify
 f - 8 scrolls of magic mapping
 h - 2 scrolls of teleportation
 i - 2 scrolls of enchant weapon
 l - a scroll of fear
 n - 2 scrolls of fog
 y - 2 scrolls of torment
 z - 2 scrolls of amnesia
 D - 2 scrolls of holy word
 G - a scroll of silence
 J - 2 scrolls of enchant armour
Potions
 d - a potion of resistance
 o - a potion of magic
 p - a potion of flight
 s - 4 potions of attraction
 t - a potion of cancellation
 u - a potion of lignification
 I - 2 potions of curing
 K - a potion of brilliance
Miscellaneous
 E - a tin of tremorstones (2/2)


   Skills:
 + Level 12.2 Fighting
 + Level 10.9(12.1) Maces & Flails
 + Level 15.2(17.0) Armour
 + Level 9.0(10.2) Dodging
 + Level 7.3(9.3) Shields


You had 12 spell levels left.
You didn't know any spells.
Your spell library contained the following spells:

 Spells                   Type           Power      Damage    Failure   Level
 Sting                    Tmut/Pois      0%         1d3       97%         1
 Summon Small Mammal      Summ           0%         N/A       97%         1
 Poisonous Vapours        Pois/Air       0%         N/A       99%         2
 Wereblood                Tmut           0%         N/A       99%         2
 Call Canine Familiar     Summ           0%         N/A       100%        3
 Portal Projectile        Hex/Tloc       0%         N/A       100%        3
 Summon Guardian Golem    Hex/Summ       0%         N/A       100%        3
 Tukima's Dance           Hex            0%         N/A       100%        3
 Anguish                  Hex/Necr       0%         N/A       100%        4
 Leda's Liquefaction      Hex/Erth       0%         N/A       100%        4
 Olgreb's Toxic Radiance  Pois           0%         N/A       100%        4
 Enfeeble                 Hex            0%         N/A       100%        7
 Summon Hydra             Summ           0%         N/A       100%        7
 Sublimation of Blood     Necr           Unusable   N/A       N/A         2

Dungeon Overview and Level Annotations

Branches:
Dungeon (9/15)             Temple (0/1) D:4             Orc (2/2) D:9
Ossuary (visited)          Bailey (visited)
   Lair: D:8-11         Elf: Orc:2

Altars:
Ashenzari
Fedhas
Gozag
Hepliaklqana
Makhleb
Nemelex Xobeh
Qazlal
Sif Muna
Xom
Beogh

Shops:
D:4 *!?(*:   Orc:1 =

Annotations:
Orc:1 Donald
Orc:2 Saint Roka


Innate Abilities, Weirdness & Mutations

You are immune to sickness and miasma.
Your stone body is resilient. (AC +9)
You are immune to poison.
You resist negative energy. (rN+)
You are resistant to electric shocks. (rElec)
You are resistant to unholy torment.
You are immune to petrification.
You are partially covered in large bone plates. (SH +4)
Your flesh is heat resistant. (rF+)
You passively map a small area around you.


Message History

You block Donald's attack.
You barely miss Donald.
Donald is lightly wounded.
You block Donald's attack.
You hit Donald.
Donald is moderately wounded.
Donald hits you but does no damage.
You hit Donald but do no damage.
Donald is moderately wounded.
You block Donald's attack.
You completely miss Donald.
Donald is moderately wounded.
Donald hits you but does no damage. Donald blocks your attack.
Donald is lightly wounded.
Donald hits you with a +1 long sword of holy wrath!!
Donald closely misses you. Donald blocks your attack.
Donald is lightly wounded.
Donald hits you with a +1 long sword of holy wrath!!
* * * LOW HITPOINT WARNING * * *
Okay, then.
Blink to where?
Press: ? - help, Dir - move target, p - Donald
As you read the scroll of blinking, it crumbles to dust.
Things that are here:
a +0 robe; a +0 dagger Donald says, "Why is it so dark?
Have they never heard of torches?"
As you read the scroll of teleportation, it crumbles to dust.
You feel strangely unstable.
Okay, then.
Donald says, "And you think you've got it bad..."
Donald attacks as you move away!
Donald hits you with a +1 long sword of holy wrath!
* * * LOW HITPOINT WARNING * * *
Donald attacks as you move away! You block Donald's attack.
Donald closely misses you. Donald attacks as you move away!
Donald hits you with a +1 long sword of holy wrath!!
You die...

####.....## ####.#.......##
##.#...#..#....##
#.............#.##
##.....##.........#
#....##.#........## ###
##....#......#....#####.##
#...........##......##...#
#........@.##........##...
##.#.....@.##........##... #
###........#....#...##... ##
####.................##.. .#
##.##)[#....#........###.. .##
#...)[.)....#.........#.#. ..##
##....)[)........>......... ...#
##...#)..[................#.
...###.#.#.[..................##.


You could see Donald (fast, strong).

Vanquished Creatures
  An orc warlord (D:9)
  An ogre mage (Orc:1)
  7 two-headed ogres
  Pikel (D:9)
  An ugly thing (D:8)
  An orc sorcerer (Orc:1)
  3 trolls
  A hornet (D:9)
  A wyvern (D:8)
  2 wraiths (D:9)
  A vampire (D:9)
  6 yaks
  2 steam dragons
  3 wargs
  2 black bears
  35 orc warriors
  3 ice beasts
  5 sky beasts
  8 ogres
  11 centaurs
  A lemure (D:9)
  3 bullfrogs
  4 necrophages
  A wyvern zombie (Ossuary)
  A scorpion (D:6)
  2 water moccasin zombies (Ossuary)
  4 wights (D:8)
  14 killer bees
  5 electric eels
  2 howler monkeys
  5 bullfrog zombies (Ossuary)
  4 jellies
  A hound (D:6)
  Crazy Yiuf (D:4)
  12 orc priests
  17 mummies (Ossuary)
  6 iguanas
  14 orc wizards
  2 killer bee zombies (Ossuary)
  A howler monkey zombie (Ossuary)
  9 adders
  A white imp (D:6)
  An ufetubus (D:5)
  A worm (D:2)
  4 dart slugs
  78 orcs
  4 endoplasms
  2 giant cockroaches (D:4)
  6 goblins
  8 hobgoblins
  4 jackals
  5 kobolds
  A quokka (D:4)
  8 ball pythons
  5 bats
  9 frilled lizards
  A quokka zombie (D:5)
  4 rats
  A rat zombie (D:5)
347 creatures vanquished.

Vanquished Creatures (collateral kills)
  The ghost of Tutankhamun the Slicer, a novice SpBr of Dithmenos (D:8)
  4 orcs (D:8)
5 creatures vanquished.

Vanquished Creatures (others)
  An ufetubus (D:6)
  14 plants
  8 withered plants (Ossuary)
23 creatures vanquished.

Grand Total: 375 creatures vanquished

Notes
Turn   | Place    | Note
-------+----------+-------------------------------------------
     0 | D:1      | Dabor the Gargoyle Fighter began the quest for the Orb.
     0 | D:1      | Reached XP level 1. HP: 14/14 MP: 1/1
   271 | D:1      | Reached XP level 2. HP: 8/19 MP: 2/2
   534 | D:1      | Found a faded altar of an unknown god.
   547 | D:1      | Prayed at the altar of an unknown god.
   547 | D:1      | Became a worshipper of Ashenzari the Shackled
   767 | D:1      | Reached XP level 3. HP: 24/24 MP: 3/3
  1125 | D:2      | Reached skill level 1 in Dodging
  1499 | D:2      | Reached XP level 4. HP: 29/29 MP: 4/4
  1800 | D:2      | Reached * piety under Ashenzari
  1891 | D:2      | Reached skill level 4 in Armour
  2175 | D:3      | Noticed a sky beast
  2503 | D:3      | Reached XP level 5. HP: 11/35 MP: 5/5
  2953 | D:3      | Found a broken altar of Ashenzari.
  3142 | D:3      | Killed a sky beast
  3143 | D:3      | Reached XP level 6. HP: 26/40 MP: 6/6
  3368 | D:4      | Found Pyrphuf's Elemental Accessories.
  3368 | D:4      | Found Veaceuh's Distillery.
  3381 | D:4      | Noticed an ice beast
  3400 | D:4      | Killed an ice beast
  3405 | D:4      | Bought a potion of mutation for 112 gold pieces
  3405 | D:4      | Bought a potion of mutation for 112 gold pieces
  3406 | D:4      | Found a stormy altar of Qazlal.
  3477 | D:4      | Found a staircase to the Ecumenical Temple.
  3648 | D:4      | Reached skill level 5 in Fighting
  3654 | D:4      | Noticed a black bear
  3661 | D:4      | Killed a black bear
  3662 | D:4      | Reached skill level 5 in Armour
  3662 | D:4      | Reached XP level 7. HP: 28/46 MP: 7/7
  3726 | D:4      | Gained mutation: You are dopey. (Int -2) [potion of
                  | mutation]
  3727 | D:4      | Lost mutation: You are dopey. (Int -2) [potion of mutation]
  3727 | D:4      | Gained mutation: You are somewhat resistant to further
                  | mutation. [potion of mutation]
  3727 | D:4      | Gained mutation: Your spells are a little easier to cast,
                  | but a little less powerful. [potion of mutation]
  3728 | D:4      | Lost mutation: Your spells are a little easier to cast, but
                  | a little less powerful. [potion of mutation]
  3728 | D:4      | Lost mutation: You are somewhat resistant to further
                  | mutation. [potion of mutation]
  3728 | D:4      | Gained mutation: You are clumsy. (Dex -2) [potion of
                  | mutation]
  3728 | D:4      | Gained mutation: Armour fits poorly on your strangely
                  | shaped body. [potion of mutation]
  3991 | D:4      | Found Nossovue's Book Emporium.
  4042 | D:4      | Found Itet's Assorted Antiques.
  4042 | D:4      | Found Gima Loe's Weapon Emporium.
  4044 | D:4      | Found Poskor's Magic Scroll Emporium.
  4078 | D:4      | Found a runed translucent door.
  4079 | D:4      | Noticed Crazy Yiuf
  4306 | D:4      | Killed Crazy Yiuf
  4637 | D:5      | Entered Level 5 of the Dungeon
  4692 | D:5      | HP: 1/44 [iguana (8)]
  4749 | D:5      | Found a sand-covered staircase.
  4888 | Ossuary  | Entered an ossuary
  5058 | Ossuary  | Reached XP level 8. HP: 33/51 MP: 8/8
  5098 | Ossuary  | Reached skill level 6 in Armour
  5185 | Ossuary  | Reached skill level 5 in Maces & Flails
  5752 | Ossuary  | Lost mutation: You are clumsy. (Dex -2) [potion of
                  | mutation]
  5752 | Ossuary  | Lost mutation: Armour fits poorly on your strangely shaped
                  | body. [potion of mutation]
  5752 | Ossuary  | Gained mutation: You are partially covered in large bone
                  | plates. (SH +4) [potion of mutation]
  5752 | Ossuary  | Gained mutation: You passively map a small area around you.
                  | [potion of mutation]
  5752 | Ossuary  | Gained mutation: Your flesh is heat resistant. (rF+)
                  | [potion of mutation]
  6153 | D:5      | Found a shimmering blue altar of Sif Muna.
  6295 | D:5      | Reached XP level 9. HP: 56/56 MP: 9/9
  6303 | D:5      | Reached skill level 7 in Armour
  6501 | D:5      | Found a sparkling altar of Nemelex Xobeh.
  6573 | D:4      | Bought a scroll of enchant armour for 105 gold pieces
  6718 | D:5      | Found a shimmering altar of Xom.
  6734 | D:5      | Found a blossoming altar of Fedhas.
  6857 | D:6      | Identified 2 scrolls of acquirement
  6914 | D:6      | Acquired 1003 gold pieces
  6916 | D:6      | Acquired a manual of Armour
  7537 | D:6      | Reached ** piety under Ashenzari
  7628 | D:6      | Reached skill level 5 in Dodging
  7755 | D:6      | Reached skill level 8 in Armour
  8583 | D:7      | Found a hazy altar of Hepliaklqana.
  8666 | D:7      | Reached skill level 9 in Armour
  8791 | D:7      | Reached XP level 10. HP: 64/64 MP: 10/10
  9274 | D:7      | Found an opulent altar of Gozag.
  9813 | D:8      | Found a runed translucent gate.
  9814 | D:8      | Found a runed translucent gate.
  9814 | D:8      | Noticed Tutankhamun's ghost (novice SpBr)
  9814 | D:8      | Identified the +9 plate armour of the Wonderful God {rElec
                  | Will- Regen+}
  9815 | D:8      | Found a runed translucent gate.
  9832 | D:8      | Reached skill level 10 in Armour
  9999 | D:8      | Noticed a white ugly thing
 10034 | D:8      | Killed a white ugly thing
 10477 | D:8      | Noticed a two-headed ogre
 10488 | D:8      | Killed a two-headed ogre
 10489 | D:8      | Reached skill level 11 in Armour
 10896 | D:8      | Reached XP level 11. HP: 60/72 MP: 11/11
 10906 | D:8      | Killed Tutankhamun's ghost
 11079 | D:9      | Reached skill level 10 in Fighting
 11100 | D:9      | Found a flagged portal.
 11109 | D:9      | Reached skill level 12 in Armour
 11120 | Bailey   | Entered a bailey
 11344 | Bailey   | Found the +8 autumn katana {vorpal, manifold assault}
 11930 | D:9      | Noticed a two-headed ogre
 11941 | D:9      | Killed a two-headed ogre
 11942 | D:9      | Reached skill level 13 in Armour
 12151 | D:9      | Noticed Pikel
 12178 | D:9      | Killed Pikel
 12519 | D:9      | Found a burning altar of Makhleb.
 12519 | D:9      | Noticed a blizzard demon
 12554 | D:9      | Found a staircase to the Orcish Mines.
 12574 | Orc:1    | Entered Level 1 of the Orcish Mines
 12574 | Orc:1    | Found Furuy's Jewellery Shoppe.
 12603 | Orc:1    | Noticed an orc warlord
 12603 | Orc:1    | Noticed an orc sorcerer
 12607 | Orc:1    | Reached skill level 10 in Maces & Flails
 12607 | Orc:1    | Reached skill level 14 in Armour
 12607 | Orc:1    | Reached skill level 5 in Shields
 12607 | Orc:1    | Reached XP level 12. HP: 80/80 MP: 12/12
 12615 | Orc:1    | Noticed a two-headed ogre
 12618 | Orc:1    | Noticed a sun demon
 12725 | D:9      | Killed a two-headed ogre
 12726 | D:9      | Reached XP level 13. HP: 66/84 MP: 13/13
 12847 | D:9      | Killed an orc warlord
 12993 | Orc:1    | Reached skill level 15 in Armour
 13534 | Orc:2    | Entered Level 2 of the Orcish Mines
 13593 | Orc:2    | Noticed Saint Roka
 13685 | Orc:2    | Noticed Donald
 13853 | Orc:1    | Mangled by Donald

Illustrated notes

Levels and vault maps discovered:
D:1:      dpeg_arrival_pits, layout_basic, hellmonk_ecumenical_altar_zigzags,
          hex_medium, minmay_misc_feat_more_columns, st_stairs_12,
          minmay_strange_pillars
D:2:      minmay_alternating_diamond, layout_loops_corners
D:3:      layout_basic, mainiacjoe_overflow_six_doors_small
D:4:      layout_cave_pools, minmay_temple_entry_fiery, serial_shops, shop,
          serial_park, serial_park_paths [serial_park_minivault_5x5_7],
          serial_park_tiny_2, serial_park_tiny_pond, serial_park_square1
          [serial_park_minivault_5x5_4], minmay_shop_grid_forest, hex_tiny,
          glass_columns_b, nicolae_elemental_shop,
          ebering_dispersal_statue_hall, minmay_lizard_king,
          uniq_crazy_yiuf_cottage
D:5:      layout_loops_ring, mainiacjoe_overflow_catwalk_spiral,
          mainiacjoe_overflow_swirl, enter_ossuary_4,
          chequers_serial_rivers_room_b
D:6:      layout_basic, serial_bayou_lagoon_b
D:7:      layout_cave_pools, mainiacjoe_overflow_alcove_2,
          nzn_hepliaklqana_mist_gate
D:8:      layout_basic, biasface_ghost_orc_armoury
D:9:      layout_loops_ring, makhleb_altar_promises_db, erik_orc_2,
          enter_bailey_2, uniq_pikel
Orc:1:    layout_caves, serial_shops, nicolae_shop_window_shopping
Orc:2:    st_orc_town, layout_caves, basic_altar, uniq_saint_roka,
          uniq_josephine, uniq_donald

Skill      XL: |  1  2  3  4  5  6  7  8  9 10 11 12 13 |
---------------+----------------------------------------+-----
Dodging        | 1 2 3 4 5 6 8 9 |  9.0
Fighting       | 4 5 6 8 9 11 12 | 12.2
Armour         | 4 5 6 9 11 14 15 | 15.2
Maces & Flails | 3 4 5 7 8 10 | 10.9
Shields        | 5 6 7 |  7.3

Action                   |  1- 3 |  4- 6 |  7- 9 | 10-12 | 13-15 || total
-------------------------+-------+-------+-------+-------+-------++-------
Melee: Flail             |   109 |   163 |   336 |   568 |    12 ||  1188
       Hand axe          |       |       |   248 |   104 |    19 ||   371
       Whip              |       |       |       |    68 |   342 ||   410
Invok: Curse Item        |     1 |     1 |     2 |       |     1 ||     5
       Shatter the Chain |       |       |     1 |       |       ||     1
Evoke: Wand              |       |       |       |     2 |     1 ||     3
  Use: Potion            |       |     7 |     6 |     5 |     2 ||    20
       Scroll            |       |       |     3 |     2 |     3 ||     8
Armor: Scale mail        |    69 |   101 |    27 |       |       ||   197
       Chain mail        |       |       |   267 |   142 |       ||   409
       Skin              |       |       |     8 |       |       ||     8
       Plate armour      |       |       |       |   322 |   203 ||   525
Dodge: Dodged            |    61 |    75 |   207 |   313 |   126 ||   782
Block: Buckler           |    24 |    47 |   326 |   638 |   213 ||  1248
       Reflection        |       |       |     7 |     4 |     3 ||    14

Table legend: (Time is in decaauts)
 A = Elapsed time spent in this place.
 B = Non-inter-level travel time spent in this place.
 C = Inter-level travel time spent in this place.
 D = Time resting spent in this place.
 E = Time spent auto-exploring this place.
 F = Levels seen in this place.
 G = Mean time per level.
                   A        B        C        D        E       F      G
               +--------+--------+--------+--------+--------+-----+--------+
         Total |  13940 |  13346 |    594 |   2518 |   7110 |  13 | 1072.3 |
       Dungeon |  11252 |  10717 |    535 |   1833 |   6348 |   9 | 1250.2 |
  Orcish Mines |    918 |    860 |     58 |    121 |    371 |   2 |  459.0 |
       Ossuary |   1192 |   1192 |      0 |    563 |    207 |   1 | 1192.0 |
        Bailey |    576 |    576 |      0 |      0 |    184 |   1 |  576.0 |
               +--------+--------+--------+--------+--------+-----+--------+

Top non-repeatable levels by time:
     D:6: 1840 daAuts
     D:8: 1528 daAuts
     D:2: 1390 daAuts
     D:4: 1337 daAuts
 Ossuary: 1192 daAuts
     D:5: 1129 daAuts
     D:9: 1112 daAuts
     D:1: 1067 daAuts
     D:3: 969 daAuts
   Orc:1: 892 daAuts
     D:7: 877 daAuts
  Bailey: 576 daAuts
   Orc:2: 26 daAuts
